 Dungeon Crawl Stone Soup version 0.28-a0-1560-g060a6a1bfc (webtiles) character file.

Game seed: 7957271329854870046

1568 Nattfarinn the Chopper (level 8, -1/53 HPs)
             Began as a Gargoyle Fighter on Jan 19, 2022.
             Was a Believer of Okawaru.
             Slain by an ogre (11 damage)
             ... on level 7 of the Dungeon.
             The game lasted 00:06:10 (7493 turns).

Nattfarinn the Chopper (Gargoyle Fighter)           Turns: 7493, Time: 00:06:10

Health: -1/53      AC: 17    Str: 22    XL:     8   Next: 90%
Magic:  10/11      EV: 11    Int:  9    God:    Okawaru [**....]
Gold:   216        SH:  5    Dex:  9    Spells: 7/7 levels left

rFire   . . .      SeeInvis .   l - +3 flail
rCold   . . .      Faith    .   c - +0 buckler
rNeg    + . .      Spirit   .   b - +0 scale mail
rPois   ∞          Reflect  .   p - +1 helmet
rElec   +          Harm     .   (no cloak)
rCorr   .          Rampage  .   t - +0 pair of gloves
Will    .....                   (no boots)
Stlth   +.........              (no amulet)
HPRegen 0.17/turn               (no ring)
MPRegen 0.12/turn               (no ring)

@: mighty, heroic
A: sickness immunity, AC +5, negative energy resistance 1, electricity
resistance, torment resistance 1, petrification resistance
a: Renounce Religion, Heroism


You were on level 7 of the Dungeon.
You worshipped Okawaru.
Okawaru was pleased with you.
You visited 2 branches of the dungeon, and saw 8 of its levels.

You collected 216 gold pieces.

Inventory:

Hand Weapons
 a - a +0 war axe
 l - a +3 flail (weapon)
Armour
 b - a +0 scale mail (worn)
 c - a +0 buckler (worn)
 p - a +1 helmet (worn)
 t - a +0 pair of gloves (worn)
Jewellery
 x - a +4 ring of evasion
Wands
 u - a wand of polymorph (10)
 v - a wand of iceblast (10)
 z - a wand of digging (6)
Scrolls
 g - a scroll of teleportation {unknown}
 i - 3 scrolls of blinking
 k - 6 scrolls of identify {unknown}
 m - a scroll of immolation {unknown}
 n - 3 scrolls of noise {unknown}
 q - a scroll of vulnerability {unknown}
 r - 2 scrolls of magic mapping {unknown}
 y - a scroll of fog {unknown}
Potions
 d - a potion of might
 e - a potion of brilliance {unknown}
 f - 7 potions of curing {unknown}
 h - 3 potions of berserk rage {unknown}
 j - 2 potions of mutation {unknown}
 o - a potion of heal wounds {unknown}
 s - 2 potions of cancellation {unknown}
 w - a potion of ambrosia {unknown}


   Skills:
 + Level 7.0(12.0) Fighting
 * Level 7.6(12.6) Axes
 - Level 3.2(8.2) Armour
 - Level 3.2(8.2) Shields
 + Level 4.7 Invocations


You had 7 spell levels left.
You didn't know any spells.
Your spell library contained the following spells:

 Spells                   Type           Power      Damage    Failure   Level
 Sandblast                Erth           0%         2d4       75%         1
 Passwall                 Tmut/Erth      0%         N/A       87%         2
 Gell's Gravitas          Tloc           0%         N/A       98%         3
 Lesser Beckoning         Tloc           0%         N/A       98%         3
 Stone Arrow              Conj/Erth      0%         3d7       98%         3
 Teleport Other           Tloc           0%         N/A       98%         3


Dungeon Overview and Level Annotations

Branches:
Dungeon (7/15)             Temple (1/1) D:4

Altars:
Dithmenos
Fedhas
Hepliaklqana
Nemelex Xobeh
Okawaru
Qazlal
Ru
Trog
Uskayaw
Vehumet
Wu Jian
Xom
Yredelemnul
Zin
The Shining One


Innate Abilities, Weirdness & Mutations

You are immune to sickness and miasma.
Your stone body is resilient. (AC +5)
You are immune to poison.
You resist negative energy. (rN+)
You are resistant to electric shocks. (rElec)
You are resistant to unholy torment.
You are immune to petrification.


Message History

Deactivating autopickup; reactivate with Ctrl-A.
You thump the orc warrior!
The orc warrior is heavily wounded.
The orc warrior hits you with a +0 battleaxe.
You bludgeon the orc warrior!!
You kill the orc warrior!
Okawaru accepts your kill.
Your base Fighting skill increases to level 7!
Something tries to affect you, but you resist.
You hear some strange, mumbled words.
You are confused.
The orc barely misses you.
You are too confused!
You are too confused!
You are too confused!
You're too confused to move!
Something hits you. The ogre barely misses you. The orc barely misses you.
You barely miss the orc. Something hits you.
The orc hits you but does no damage.
You're too confused to move!
The ogre barely misses you. Something hits you but does no damage.
The orc hits you with a +0 hand axe.
You miss the orc.
The ogre hits you with a +0 giant spiked club!!
Ouch! That really hurt!
* * * LOW HITPOINT WARNING * * *
Something hits you.
* * * LOW HITPOINT WARNING * * *
The orc misses you. The ogre hits you but does no damage.
The orc hits you but does no damage.
You bludgeon the orc!!
You kill the orc!
Okawaru accepts your kill.
You barely miss the ogre. Something hits you but does no damage.
The ogre misses you.
You sock the ogre!
The ogre is moderately wounded.
You feel less confused. Something hits you but does no damage.
The ogre hits you with a +0 giant spiked club!
You die...

.... +......# . ....#......# ..
....#......# .# #..# #...#
##O.#########..###...#########+##
.o...#....................##....#
.....#....................:+...<.
.....#.........O@..).......#.....
.....#.........)...<.##...##...).
######.....###..##...##...##....#
...###.....###..##'####...##....#
.............#.......#...........
.............#.......+...........
.............#.......##...##.....
.............#.......#######.....
.............#........# #..)...


You could see an ogre.

Vanquished Creatures
  2 water moccasins
  An ice beast (D:5)
  An orc warrior (D:7)
  2 ogres
  A necrophage (D:5)
  3 scorpions
  A wyvern zombie (D:6)
  A water moccasin skeleton (D:5)
  3 hounds
  2 bullfrog zombies
  2 orc priests (D:7)
  A jelly (D:6)
  Terence (D:3)
  Jessica (D:3)
  A bullfrog skeleton (D:6)
  2 scorpion zombies (D:5)
  2 orc wizards
  2 hound skeletons
  A gnoll (D:5)
  8 adders
  A white imp (D:5)
  An ufetubus (D:4)
  2 worms (D:2)
  2 dart slugs
  14 orcs
  7 ball pythons
  6 endoplasms
  A giant cockroach (D:2)
  3 goblins
  11 hobgoblins
  6 jackals
  4 quokkas
  4 bats
  2 frilled lizards (D:1)
  8 kobolds
  6 rats
116 creatures vanquished.

Notes
Turn   | Place    | Note
-------+----------+-------------------------------------------
     0 | D:1      | Nattfarinn the Gargoyle Fighter began the quest for the
                  | Orb.
     0 | D:1      | Reached XP level 1. HP: 14/14 MP: 1/1
   185 | D:1      | Reached XP level 2. HP: 18/19 MP: 2/2
   389 | D:1      | Reached XP level 3. HP: 24/24 MP: 3/3
  1119 | D:2      | Reached XP level 4. HP: 27/29 MP: 4/4
  1239 | D:2      | Found a faded altar of an unknown god.
  1833 | D:3      | You fall into a shaft and drop 1 floor!
  2180 | D:3      | Found a hazy altar of Hepliaklqana.
  2736 | D:3      | Reached XP level 5. HP: 34/34 MP: 5/5
  2798 | D:3      | Noticed Jessica
  2803 | D:3      | Killed Jessica
  2901 | D:3      | Noticed Terence
  2913 | D:3      | Killed Terence
  3503 | D:4      | Found a radiant altar of Vehumet.
  3512 | D:4      | Found a staircase to the Ecumenical Temple.
  3526 | Temple   | Entered the Ecumenical Temple
  3754 | Temple   | Became a worshipper of Warmaster Okawaru
  3934 | D:4      | Reached XP level 6. HP: 38/40 MP: 6/6
  4129 | D:5      | Entered Level 5 of the Dungeon
  4146 | D:5      | Reached skill level 5 in Fighting
  4270 | D:5      | Reached skill level 5 in Axes
  4270 | D:5      | Reached skill level 1 in Invocations
  4345 | D:5      | Noticed an ice beast
  4358 | D:5      | Killed an ice beast
  4358 | D:5      | Reached * piety under Okawaru
  4359 | D:5      | Reached XP level 7. HP: 44/44 MP: 8/8
  4829 | D:5      | Reached XP level 8. HP: 47/51 MP: 10/10
  5510 | D:6      | Found a glowing golden altar of the Shining One.
  5878 | D:6      | Reached ** piety under Okawaru
  6472 | D:6      | Found an ornate altar of the Wu Jian Council.
  7493 | D:7      | Slain by an ogre

Illustrated notes

Levels and vault maps discovered:
D:1:      onia_arrival_pyramid, layout_loops_ring
D:2:      layout_loops_corners, ebering_ecumenical_altar_abandoned
D:3:      layout_loops_corners, lemuel_coloured_pillars_altar, uniq_jessica,
          uniq_terence
D:4:      layout_basic, mainiacjoe_overflow_alcove_2,
          minmay_temple_entry_mini_moons, grunt_ministairs_5
D:5:      layout_basic, sigmund_army
D:6:      layout_loops_ring, mainiacjoe_overflow_chevrons,
          nzn_wu_jian_council_hall
D:7:      layout_gridville
Temple:   minmay_temple_curvy_loop

Skill      XL: |  1  2  3  4  5  6  7  8 |
---------------+-------------------------+-----
Axes           | 2 3 4 5 6 7 |  7.6
Fighting       | 4 5 6 7 |  7.0
Invocations    | 1 3 4 |  4.7
Armour         | |  3.2
Shields        | |  3.2

Action                   |  1- 3 |  4- 6 |  7- 9 || total
-------------------------+-------+-------+-------++-------
Melee: War axe           |    85 |    61 |       ||   146
       Flail             |       |   107 |   157 ||   264
Invok: Heroism           |       |       |     3 ||     3
  Use: Scroll            |       |     1 |     1 ||     2
       Potion            |       |       |     1 ||     1
Armor: Scale mail        |    48 |    91 |   104 ||   243
Dodge: Dodged            |    40 |    92 |   107 ||   239
Block: Buckler           |    20 |    40 |    32 ||    92

Table legend: (Time is in decaauts)
 A = Elapsed time spent in this place.
 B = Non-inter-level travel time spent in this place.
 C = Inter-level travel time spent in this place.
 D = Time resting spent in this place.
 E = Time spent auto-exploring this place.
 F = Levels seen in this place.
 G = Mean time per level.
                   A        B        C        D        E       F      G
               +--------+--------+--------+--------+--------+-----+--------+
         Total |   7626 |   7286 |    340 |    529 |   5765 |   8 |  953.2 |
       Dungeon |   7374 |   7095 |    279 |    529 |   5579 |   7 | 1053.4 |
        Temple |    251 |    190 |     61 |      0 |    186 |   1 |  251.0 |
               +--------+--------+--------+--------+--------+-----+--------+

Top non-repeatable levels by time:
     D:6: 1755 daAuts
     D:5: 1362 daAuts
     D:3: 1180 daAuts
     D:2: 1065 daAuts
     D:4: 903 daAuts
     D:1: 815 daAuts
     D:7: 291 daAuts
  Temple: 251 daAuts
